 Dungeon Crawl Stone Soup version 0.28-a0-21-gf74fda84f9 (webtiles) character file.

Game seed: 17232932912544797854

90 Spectrina the Magician (level 4, -2/33 HPs)
             Began as a Djinni Warper on July 26, 2021.
             Was a Follower of Trog.
             Killed by divine providence
             ... invoked by an orc priest
              (16 damage)
             ... on level 4 of the Dungeon.
             The game lasted 00:06:48 (1047 turns).

Spectrina the Magician (Djinni Warper)              Turns: 1047, Time: 00:06:49

Health: -2/33      AC:  3    Str: 10    XL:     4   Next: 85%
Gold:   115        EV: 11    Int: 15    God:    Trog [*.....] SH:  3 Dex: 13

rFire   + + .      SeeInvis .   a - +0 mace
rCold   x . .      Faith    .   m - +0 buckler
rNeg    . . .      Spirit   .   b - +0 leather armour
rPois   ∞          Reflect  .   (no helmet)
rElec   .          Harm     .   (no cloak)
rCorr   .          Rampage  .   (no gloves)
Will    .....                   (boots unavailable)
Stlth   +.........              k - amulet of the acrobat
HPRegen 0.11/turn               (no ring)
MPRegen 0.00/turn               (no ring)

@: on berserk cooldown, flying, slowed, very slow
A: sickness immunity, fire resistance 2, cold vulnerability 1, float, innate
caster, hp casting, extra vitality 1
a: Renounce Religion, Berserk


You were on level 4 of the Dungeon.
You worshipped Trog.
Trog was aware of your devotion.
You visited 1 branch of the dungeon, and saw 4 of its levels.

You collected 115 gold pieces.

Inventory:

Hand Weapons
 a - a +0 mace (weapon)
Missiles
 d - 5 boomerangs of dispersal
 f - 115 stones (quivered)
 l - 16 arrows
Armour
 b - a +0 leather armour (worn)
 m - a +0 buckler (worn)
Jewellery
 k - an amulet of the acrobat (around neck)
Scrolls
 c - 3 scrolls of blinking
 e - a scroll of fear {unknown}
 j - a scroll of amnesia {unknown}
Potions
 g - a potion of magic {unknown}
 h - a potion of brilliance {unknown}
 i - a potion of haste {unknown}


   Skills:
 - Level 2.0 Fighting
 + Level 3.0 Maces & Flails
 - Level 0.7 Throwing
 - Level 1.0 Armour
 - Level 2.1 Dodging
 - Level 3.2 Spellcasting


You couldn't memorise any spells.
You knew the following spells:

 Your Spells              Type           Power      Damage    Failure   Level
a - Blink                 Tloc           N/A        N/A       19%         2
b - Lesser Beckoning      Tloc           6%         N/A       34%         3
c - Gell's Gravitas       Tloc           6%         N/A       34%         3
d - Teleport Other        Tloc           12%        N/A       34%         3
e - Manifold Assault      Tloc           12%        N/A       97%         5
f - Foxfire               Conj/Fire      48%        2x1d6     12%         1
Your spell library was empty.

Dungeon Overview and Level Annotations

Branches:
Dungeon (4/15)
 Temple: D:4-7

Altars:
Hepliaklqana
Qazlal
Trog


Innate Abilities, Weirdness & Mutations

You are immune to sickness and miasma.
You are immune to poison.
Your flesh is very heat resistant. (rF++)
You are vulnerable to cold. (rC-)
You float through the air rather than walking.
You learn spells naturally, not from books.
Your magical power is your life essence.
You have superior vitality. (+4 HP)


Message History

The orc priest is almost dead.
You hear a shout!
The orc priest hits you with a +0 whip.
You hear a shout! x2
You barely miss the orc priest.
The orc priest is almost dead.
The orc priest invokes the aid of Beogh against you.
Pain shoots through your body!
You sock the orc priest!
You kill the orc priest!
Trog accepts your kill.
You thump the orc!
You kill the orc!
Trog accepts your kill.
Your Maces & Flails skill increases to level 3!
An orc priest comes into view. It is wielding a +0 hand axe.
The orc shouts!
The orc priest shouts!
An orc comes into view. It is wielding a +1 hand axe of venom.
Items here: ))) [[ ††.
Unknown command.
You feel a strong urge to attack something.
An orc priest comes into view. It is wielding a +0 club.
The orc completely misses you.
You closely miss the orc. The orc hits you with a +0 flail.
You barely miss the orc. The orc closely misses you.
You sock the orc!
You feel the power of Trog in you as your rage grows.
You kill the orc!
Trog accepts your kill.
You thump the orc!
You kill the orc!
Trog accepts your kill.
You thump the orc priest!
The orc priest is heavily wounded.
You are no longer berserk.
You are exhausted.
You feel yourself slow down.
The orc priest invokes the aid of Beogh against you.
Beogh smites you!
You die...

##### ##...##
#.....############
#................######.
#.....####### #........
.....##.....####.#######
###............).#
#..........####@#
#...##.....# #o#
#...##.....# .o.
#...####.### #..## #...#
#.# #..( #...####.# #.##
#........# #)
##.#.###..# #. ...#.#
#..#


You could see 2 orc priests.

Vanquished Creatures
  An orc priest (D:4)
  An adder (D:2)
  A worm (D:2)
  4 orcs (D:4)
  3 bats
  3 endoplasms
  2 giant cockroaches
  4 goblins
  7 hobgoblins
  4 jackals (D:1)
  3 kobolds
  2 ball pythons (D:1)
  3 frilled lizards
  4 rats
42 creatures vanquished.

Vanquished Creatures (others)
  5 foxfires (D:1)
5 creatures vanquished.

Grand Total: 47 creatures vanquished

Notes
Turn   | Place    | Note
-------+----------+-------------------------------------------
     0 | D:1      | Spectrina the Djinni Warper began the quest for the Orb.
     0 | D:1      | Reached XP level 1. HP: 18/18 MP: 0/0
     6 | D:1      | Noticed a komodo dragon
     6 | D:1      | Noticed a polar bear
     6 | D:1      | Noticed a rime drake
     6 | D:1      | Noticed an anaconda
    66 | D:1      | Reached XP level 2. HP: 12/23 MP: 0/0
   363 | D:1      | Reached XP level 3. HP: 11/28 MP: 0/0
   363 | D:1      | Learned a level 1 spell: Foxfire
   484 | D:1      | Found a faded altar of an unknown god.
   492 | D:1      | Became a worshipper of Trog the Wrathful
   492 | D:1      | Reached * piety under Trog
   615 | D:2      | Found a hazy altar of Hepliaklqana.
   732 | D:2      | Reached XP level 4. HP: 9/33 MP: 0/0
   808 | D:3      | Found a stormy altar of Qazlal.
  1034 | D:4      | Identified the +11 mace "Rilodgh" {vorpal, rF+}
  1047 | D:4      | Killed from afar by an orc priest

Illustrated notes

Levels and vault maps discovered:
D:1:      onia_arrival_zoo_common, layout_loops_ring,
          dreamdust_ecumenical_altar_statues, nrook_mini_backslash, fountainhead
D:2:      layout_basic, basic_altar, uniq_jessica
D:3:      layout_loops_corners, nicolae_uskayaw_suspiria,
          nicolae_sif_muna_little_library, amcnicky_altar_gilded,
          minmay_misc_feat_hallway, palyth_stone_intersect,
          chequers_decorated_corner
D:4:      layout_loops_ring, overflow_temple_1_default

Skill      XL: |  1  2  3  4 |
---------------+-------------+-----
Spellcasting   | 3 |  3.2
Maces & Flails | 2 3 |  3.0
Fighting       | |  2.0
Throwing       | |  0.7
Armour         | |  1.0
Dodging        | |  2.1

Action                   |  1- 3 |  4- 6 || total
-------------------------+-------+-------++-------
Melee: Mace              |   117 |    26 ||   143
Throw: Stone             |     9 |       ||     9
 Cast: Foxfire           |     4 |       ||     4
Invok: Berserk           |     2 |     1 ||     3
Armor: Leather armour    |    47 |     3 ||    50
Dodge: Dodged            |    95 |     7 ||   102
Block: Buckler           |       |     1 ||     1

Table legend: (Time is in decaauts)
 A = Elapsed time spent in this place.
 B = Non-inter-level travel time spent in this place.
 C = Inter-level travel time spent in this place.
 D = Time resting spent in this place.
 E = Time spent auto-exploring this place.
 F = Levels seen in this place.
 G = Mean time per level.
                   A        B        C        D        E       F      G
               +--------+--------+--------+--------+--------+-----+--------+
         Total |   1111 |   1099 |     12 |      0 |      0 |   4 |  277.8 |
       Dungeon |   1111 |   1099 |     12 |      0 |      0 |   4 |  277.8 |
               +--------+--------+--------+--------+--------+-----+--------+

Top non-repeatable levels by time:
     D:1: 606 daAuts
     D:2: 264 daAuts
     D:3: 134 daAuts
     D:4: 106 daAuts
